 Seeded DCSS version 0.29-a0-1043-g569b05d6ff (webtiles) character file.

Game seed: 16325529221887051656 (custom seed)

28 hikkokomori the Digger (level 3, -1/28 HPs)
             Began as a Meteoran Earth Elementalist on Aug 16, 2022.
             Succumbed to Terence's poison
             ... on level 2 of the Dungeon.
             The game lasted 00:04:32 (630 turns).

hikkokomori the Digger (Meteoran Earth Elementalist) Turns: 630, Time: 00:04:33

Health: -1/28      AC:  2    Str:  9    XL:     3   Next: 50%
Magic:  4/8        EV: 13    Int: 19    God:
Gold:   14         SH:  0    Dex: 14    Spells: 7/8 levels left

rFire   + . .      SeeInvis .   c - +0 short sword
rCold   + . .      Faith    .   (no shield)
rNeg    . . .      Spirit   .   a - +0 robe
rPois   .          Reflect  .   (no helmet)
rElec   .          Harm     .   k - scarf {rC+ rF+}
rCorr   .          Rampage  .   (no gloves)
Will    .....                   (no boots)
Stlth   +.........              (no amulet)
HPRegen 0.09/turn               (no ring)
MPRegen 0.11/turn               (no ring)

@: lethally poisoned (-1 -> -11), very slightly contaminated, glowing
A: sense surroundings 1, otherworldly, glowing, explore regen
a: no special abilities


You were on level 2 of the Dungeon.
You visited 1 branch of the dungeon, and saw 2 of its levels.

You collected 14 gold pieces.

Inventory:

Hand Weapons
 c - a +0 short sword (weapon)
 d - a +0 dagger
Missiles
 h - 3 poisoned darts
Armour
 a - a +0 robe (worn)
 k - a scarf of resistance (worn)
Jewellery
 l - the amulet "Lont" {Faith Int+6 Dex-2}
   (You acquired it on level 2 of the Dungeon)

   [amulet of faith]

   It allows you to gain divine favour quickly.
   Int:       It affects your intelligence (+6).
   Dex:       It affects your dexterity (-2).
Scrolls
 e - a scroll of acquirement
 f - a scroll of identify {unknown}
 j - a scroll of enchant weapon {unknown}
 m - a scroll of fog {unknown}
Potions
 b - 2 potions of magic
 g - a potion of heal wounds {unknown}
 i - a potion of brilliance {unknown}


   Skills:
 + Level 1.2 Fighting
 + Level 3.0 Dodging
 - Level 1.4 Stealth
 + Level 3.2 Spellcasting
 - Level 1.2 Transmutations
 + Level 4.0 Earth Magic


You had 7 spell levels left.
You knew the following spells:

 Your Spells              Type           Power      Damage    Failure   Level
a - Sandblast             Erth           36%        2d10      2%          1

Your spell library contained the following spells:

 Spells                   Type           Power      Damage    Failure   Level
 Passwall                 Tmut/Erth      10%        N/A       8%          2
 Stone Arrow              Conj/Erth      20%        3d8       21%         3
 Petrify                  Tmut/Erth      13%        N/A       45%         4


Dungeon Overview and Level Annotations

Branches:
Dungeon (2/15) Zot: 545

Altars:

Annotations:
D:2 Terence


Innate Abilities, Weirdness & Mutations

You passively map a small area around you.
You are easily found by Zot.
You glow in the dark.
You regain HP and MP as you explore.


Message History

Press: ? - help, Shift-Dir - straight line, f/p - Terence
Aim: Terence, wielding a +0 trident of venom and wearing a +0 scale mail (lightly wounded, 84% to hit)
The blast of sand hits Terence but does no damage.
Terence is lightly wounded.
You feel very sick. The bat hits you but does no damage.
Terence says, "Time to say good-bye..."
Terence completely misses you. The kobold closely misses you.
Terence hits you from afar with a +0 trident of venom.
You are lethally poisoned!
Unknown command.
Casting: Sandblast (safe; 2% risk of failure)
Confirm with . or Enter, or press ? or * to list all spells.
Aiming: Sandblast (safe; 2% risk of failure)
Press: ? - help, Shift-Dir - straight line, f/p - Terence
Aim: Terence, wielding a +0 trident of venom and wearing a +0 scale mail (lightly wounded, 84% to hit)
The blast of sand hits Terence!
Terence is severely wounded.
* * * LOW HITPOINT WARNING * * *
You feel extremely sick. The bat hits you but does no damage.
Terence hits you from afar with a +0 trident of venom.
* * * LOW HITPOINT WARNING * * *
The kobold hits you with a +0 dagger.
* * * LOW HITPOINT WARNING * * *
The bat hits you.
* * * LOW HITPOINT WARNING * * *
The kobold closely misses you.
Terence asks, "Do you want it fast or slow?"
Terence barely misses you. The bat hits you but does no damage.
Unknown command.
Casting: Sandblast (safe; 2% risk of failure)
Confirm with . or Enter, or press ? or * to list all spells.
Aiming: Sandblast (safe; 2% risk of failure)
Press: ? - help, Shift-Dir - straight line, f/p - Terence
Aim: Terence, wielding a +0 trident of venom and wearing a +0 scale mail (severely wounded, 84% to hit)
You miscast Sandblast.
You are very lightly contaminated with residual magic.
Nothing appears to happen.
You die...

, * , #.#.##.# * #.?...
#.#.#..# * * ......
#...#<.# , * #.....####
#...######. , #.~~~....#
#....>..[.., *
..~_~....# #.#.#####.#*
*, ..$~~....# #.#..# *
.........####.##.####. *
,
*.....@b@.'............,
##....K..####.........*
#.......# #####..###
#.......# *#.# #.......#
*..# * .$..###### #.# ,
, .... ... * , ,


You could see Terence, a bat and a kobold.

Vanquished Creatures
  3 dart slugs (D:1)
  4 bats (D:1)
  2 endoplasms (D:1)
  A goblin (D:1)
  2 hobgoblins (D:1)
  4 kobolds (D:1)
  2 quokkas
  2 frilled lizards (D:1)
  2 rats (D:1)
22 creatures vanquished.

Notes
Turn   | Place    | Note
-------+----------+-------------------------------------------
     0 | D:1      | hikkokomori the Meteoran Earth Elementalist began the quest
                  | for the Orb.
     0 | D:1      | Reached XP level 1. HP: 14/14 MP: 5/5
    73 | D:1      | Reached XP level 2. HP: 20/20 MP: 3/6
   236 | D:1      | Reached skill level 1 in Fighting
   236 | D:1      | Reached XP level 3. HP: 16/28 MP: 8/8
   305 | D:1      | Reached skill level 4 in Earth Magic
   482 | D:1      | Glimpsed the power of Zot.
   530 | D:1      | Glimpsed the power of Zot.
   570 | D:1      | Glimpsed the power of Zot.
   573 | D:2      | Identified 3 scrolls of acquirement
   573 | D:2      | Acquired a scarf of resistance
   580 | D:2      | Acquired the amulet "Lont" {Faith Int+6 Dex-2}
   613 | D:2      | Found a faded altar of an unknown god.
   623 | D:2      | Noticed Terence
   629 | D:2      | HP: 1/28 [bat (1)]
   630 | D:2      | Succumbed to Terence's poison

Illustrated notes

Levels and vault maps discovered:
D:1:      dpeg_arrival_shrine, layout_basic, minmay_ruptured
D:2:      layout_basic, hellmonk_ecumenical_altar_pennies_from_heaven,
          basic_altar, uniq_terence

Skill      XL: |  1  2  3 |
---------------+----------+-----
Spellcasting   | 3 |  3.2
Fighting       | 1 |  1.2
Earth Magic    | 4 |  4.0
Dodging        | 3 |  3.0
Stealth        | |  1.4
Transmutations | |  1.2

Action                   || total
-------------------------++-------
Melee: Unarmed           ||     3
       Short sword       ||    46
 Cast: Sandblast         ||    20
  Use: Scroll            ||     2
Armor: Robe              ||    24
Dodge: Dodged            ||    46

Table legend: (Time is in decaauts)
 A = Elapsed time spent in this place.
 B = Non-inter-level travel time spent in this place.
 C = Inter-level travel time spent in this place.
 D = Time resting spent in this place.
 E = Time spent auto-exploring this place.
 F = Levels seen in this place.
 G = Mean time per level.
                   A        B        C        D        E       F      G
               +--------+--------+--------+--------+--------+-----+--------+
         Total |    654 |    654 |      0 |      0 |    106 |   2 |  327.0 |
       Dungeon |    654 |    654 |      0 |      0 |    106 |   2 |  327.0 |
               +--------+--------+--------+--------+--------+-----+--------+

Top non-repeatable levels by time:
     D:1: 591 daAuts
     D:2: 62 daAuts
